 Dungeon Crawl Stone Soup version 0.28.0 (webtiles) character file.

Game seed: 8065995584147369686

424 Gabide the Poker (level 7, 0/54 HPs)
             Began as a Human Monk on Feb 4, 2022.
             Killed from afar by an orc wizard (5 damage)
             ... with a puff of flame
             ... on level 5 of the Dungeon.
             The game lasted 00:07:00 (5100 turns).

Gabide the Poker (Human Monk)                       Turns: 5100, Time: 00:07:00

Health: 0/54       AC:  5    Str: 11    XL:     7   Next: 17%
Magic:  7/7        EV: 14    Int:  8    God:
Gold:   136        SH:  0    Dex: 18    Spells: 6/6 levels left

rFire   . . .      SeeInvis .   a - +0 halberd
rCold   . . .      Faith    .   (shield currently unavailable)
rNeg    . . .      Spirit   .   b - +0 robe
rPois   .          Reflect  .   g - +2 hat
rElec   .          Harm     .   j - +0 cloak
rCorr   .          Rampage  .   (no gloves)
Will    +....                   (no boots)
Stlth   +++.......              (no amulet)
HPRegen 0.18/turn               e - ring of willpower
MPRegen 0.10/turn               (no ring)

@: invisible (expiring)
A: dopey 1, screaming 1
a: no special abilities


You were on level 5 of the Dungeon.
You visited 1 branch of the dungeon, and saw 5 of its levels.

You collected 136 gold pieces.

Inventory:

Hand Weapons
 a - a +0 halberd (weapon)
 h - a +0 whip of distortion
Armour
 b - a +0 robe (worn)
 g - a +2 hat (worn)
 j - a +0 cloak (worn)
Jewellery
 e - a ring of willpower (left hand)
Wands
 l - a wand of paralysis (5)
Scrolls
 i - a scroll of teleportation
Potions
 d - a potion of magic
 f - 2 potions of flight


   Skills:
 + Level 4.0 Fighting
 + Level 5.4 Polearms
 * Level 4.5 Dodging
 + Level 3.6 Stealth


You had 6 spell levels left.
You didn't know any spells.
Your spell library contained the following spells:

 Spells                   Type           Power      Damage    Failure   Level
 Sandblast                Erth           0%         2d4       41%         1
 Passwall                 Tmut/Erth      0%         N/A       54%         2
 Static Discharge         Conj/Air       0%         N/A       54%         2
 Call Canine Familiar     Summ           0%         N/A       78%         3
 Ozocubu's Armour         Ice            0%         N/A       78%         3
 Portal Projectile        Hex/Tloc       0%         N/A       78%         3
 Stone Arrow              Conj/Erth      0%         3d7       78%         3
 Leda's Liquefaction      Hex/Erth       0%         N/A       99%         4
 Lightning Bolt           Conj/Air       0%         1d11      100%        5
 Ozocubu's Refrigeration  Ice            0%         4d5       100%        7
 Maxwell's Capacitive Co  Air            0%         ∞         100%        8


Dungeon Overview and Level Annotations

Branches:
Dungeon (5/15)
 Temple: D:4-7

Altars:
Kikubaaqudgha

Shops:
D:1 !


Innate Abilities, Weirdness & Mutations

You are dopey. (Int -2)
You occasionally shout uncontrollably at your foes.


Message History

The helpless orc warrior fails to defend itself.
You slice the orc warrior!!
You kill the orc warrior!
The orc wizard gestures at you while chanting.
You are confused.
The iguana bites you.
Your Fighting skill increases to level 4!
You have reached level 7!
You barely miss the iguana.
The orc wizard points at you and mumbles some strange words.
The magic dart hits you. The iguana bites you!
* * * LOW HITPOINT WARNING * * *
You hit the iguana.
The iguana is lightly wounded.
The iguana bites you but does no damage.
You are too confused!
You bump into the rock wall.
The iguana bites you but does no damage.
The orc wizard closely misses you.
You hit the iguana.
The iguana is moderately wounded.
The iguana bites you!
* * * LOW HITPOINT WARNING * * *
The orc wizard hits you but does no damage.
The iguana closely misses you.
It was a potion of invisibility.
You fade into invisibility!
You feel less confused. The orc wizard barely misses you. The iguana bites you.
* * * LOW HITPOINT WARNING * * *
It was a potion of mutation.
You feel extremely strange.
You feel the urge to shout.
You feel stupid. The orc wizard casts a spell at you.
You resist with almost no effort. The iguana barely misses you.
The orc wizard gestures at something while chanting.
The magic dart hits you.
* * * LOW HITPOINT WARNING * * *
You flicker for a moment.
The orc wizard gestures at something while chanting.
The puff of flame hits you.
You die...

.................#.#............#
....)............###.............
...o......>......+.............##
......#....#.....#.#......##...#
..#####...)..#####.##.###.##...#
..##.......#######.........#..###
...........o....#####..##..###...
##..............##...#.##........
#.......o......@...........†....
#...=##...##.........#.#.##.....
......#.._..#.............# .....
......#.....#.....#.#.#....#..)..
...#..#######.......#.#....#.....
...#..# #......####..........
##.....# #......###. ......#
###....# .....


You could see an orc wizard and an orc.

Vanquished Creatures
  An orc warrior (D:5)
  An ogre (D:2)
  A water moccasin skeleton (D:3)
  A hound (D:5)
  An orc wizard (D:3)
  2 hound skeletons (D:4)
  An adder (D:4)
  An adder skeleton (D:4)
  3 worms
  3 dart slugs
  9 orcs
  4 ball pythons
  5 bats
  7 endoplasms
  2 giant cockroaches
  10 goblins
  9 hobgoblins
  3 quokkas
  4 frilled lizards
  12 kobolds
  6 rats
86 creatures vanquished.

Notes
Turn   | Place    | Note
-------+----------+-------------------------------------------
     0 | D:1      | Gabide the Human Monk began the quest for the Orb.
     0 | D:1      | Reached XP level 1. HP: 18/18 MP: 1/1
     3 | D:1      | Noticed an electric eel
     4 | D:1      | Noticed an electric eel
   294 | D:1      | Found Noqoucw's Distillery.
   306 | D:1      | Reached XP level 2. HP: 21/24 MP: 2/2
  1475 | D:2      | Reached XP level 3. HP: 27/29 MP: 3/3
  1750 | D:2      | Noticed an ogre
  1773 | D:2      | Killed an ogre
  1774 | D:2      | Reached skill level 4 in Polearms
  1774 | D:2      | Reached XP level 4. HP: 15/35 MP: 4/4
  1774 | D:2      | Reached XP level 5. HP: 17/41 MP: 5/5
  3228 | D:3      | Reached XP level 6. HP: 24/48 MP: 6/6
  3605 | D:3      | Found a faded altar of an unknown god.
  4570 | D:4      | Reached skill level 5 in Polearms
  4921 | D:5      | Entered Level 5 of the Dungeon
  5017 | D:5      | Noticed an orc warrior
  5018 | D:5      | Found an ancient bone altar of Kikubaaqudgha.
  5070 | D:5      | Killed an orc warrior
  5071 | D:5      | Reached XP level 7. HP: 26/54 MP: 7/7
  5076 | D:5      | Gained mutation: You occasionally shout uncontrollably at
                  | your foes. [potion of mutation]
  5076 | D:5      | Gained mutation: You are dopey. (Int -2) [potion of
                  | mutation]
  5080 | D:5      | HP: 2/54 [orc wizard/magic dart (4)]
  5100 | D:5      | Killed from afar by an orc wizard

Illustrated notes

Levels and vault maps discovered:
D:1:      arrival_aquarium_b, layout_basic, serial_shops, nicolae_shop_crystal
D:2:      layout_rooms
D:3:      layout_rooms, ebering_ecumenical_altar_abandoned
D:4:      layout_basic, nrook_mini_backslash, small_statue_intersection
D:5:      layout_basic, tgw_fedhas, mainiacjoe_overflow_alcove_1,
          nicolae_shop_gadgets

Skill      XL: |  1  2  3  4  5  6 |
---------------+-------------------+-----
Polearms       | 4 5 |  5.4
Stealth        | 3 |  3.6
Dodging        | 4 |  4.5
Fighting       | 4 |  4.0

Action                   |  1- 3 |  4- 6 |  7- 9 || total
-------------------------+-------+-------+-------++-------
Melee: Spear             |   105 |    88 |       ||   193
       Punch             |     2 |     1 |       ||     3
       Halberd           |       |   142 |     3 ||   145
       Trident           |       |     5 |       ||     5
Evoke: Wand              |       |     2 |       ||     2
  Use: Scroll            |       |     8 |       ||     8
       Potion            |       |     1 |     2 ||     3
 Stab: Sleeping          |     8 |    11 |       ||    19
       Distracted        |       |     1 |       ||     1
       Paralysed         |       |     3 |       ||     3
Armor: Robe              |     8 |    36 |     3 ||    47
Dodge: Dodged            |    40 |   139 |     4 ||   183
